 Dungeon Crawl Stone Soup version 0.18-a0-1800-gdc7a371 (webtiles) character file.

5471 varam the Covert (level 10, 0/49 HPs)
             Began as a Spriggan Enchanter on Apr 24, 2016.
             Was an Initiate of Gozag.
             Slain by an orc warrior
             ... wielding a +0 halberd
              (18 damage)
             ... on level 8 of the Dungeon.
             The game lasted 01:21:13 (12996 turns).

varam the Covert (Spriggan Enchanter)              Turns: 12996, Time: 01:21:13

Health: 0/49       AC:  3    Str:  4    XL:     10   Next: 42%
Magic:  5/20       EV: 26    Int: 18    God:    Gozag
Gold:   1418       SH:  0    Dex: 19    Spells: 4 memorised, 12 levels left

rFire  . . .     SeeInvis +     w - +2 dagger (elec)
rCold  . . .     Gourm    .     F - +1 robe {MR+}
rNeg   . . .     Faith    .     (shield restricted)
rPois  .         Spirit   .     (helmet restricted)
rElec  .         Dismiss  .     (no cloak)
rCorr  .         Reflect  .     (gloves unavailable)
SustAt .         Harm     .     (boots unavailable)
MR     ++...                    (no amulet)
Stlth  ++++++....               I - ring of wizardry
                                l - +1 ring of slaying

@: gold aura, very quick, very resistant to hostile enchantments, very stealthy
A: unfitting armour, see invisible, herbivore 3, speed 3, slow metabolism 2
a: Potion Petition, Call Merchant, Bribe Branch, Renounce Religion


You were on level 8 of the Dungeon.
You worshipped Gozag.
Gozag was noncommittal.
You were not hungry.

You visited 2 branches of the dungeon, and saw 10 of its levels.
You also visited: Ossuary.

You collected 1661 gold pieces.
You spent 157 gold pieces at shops.
You paid 86 gold pieces to Gozag.

Inventory:

Hand Weapons
 a - a +1 scimitar
 w - a +2 dagger of electrocution (weapon)
 C - the +2 whip of the Forgotten Wars {venom, -Tele rN+ Dex+6}
   (You bought it in a shop on level 6 of the Dungeon)

   It poisons the flesh of those it strikes.
   It affects your dexterity (+6).
   It protects you from negative energy.
   It prevents most forms of teleportation.
 G - a +0 dagger of holy wrath
Missiles
 H - 16 sling bullets
Armour
 b - a +2 robe
 F - a +1 robe of magic resistance (worn)
Jewellery
 l - a +1 ring of slaying (left hand)
 I - a ring of wizardry (right hand)
Wands
 q - a wand of random effects (15/48)
 s - a wand of digging (10/24)
 L - a wand of lightning (8/15)
 N - a wand of iceblast (6/15)
Scrolls
 g - a scroll of random uselessness {unknown}
 i - 6 scrolls of teleportation
 m - 2 scrolls of enchant weapon {unknown}
 o - 2 scrolls of enchant armour
 r - a scroll of remove curse
 t - 5 scrolls of magic mapping
 v - a scroll of recharging {unknown}
 y - a scroll of immolation {unknown}
 A - a scroll of torment {unknown}
 D - a scroll of noise {unknown}
 E - a scroll of fear {unknown}
 J - a scroll of vulnerability {unknown}
Potions
 e - 2 potions of mutation {unknown}
 f - 2 potions of invisibility
 h - 2 potions of agility {unknown}
 j - 2 potions of cure mutation {unknown}
 k - a potion of lignification {unknown}
 n - 5 potions of flight {unknown}
 p - 2 potions of ambrosia {unknown}
 u - 3 potions of brilliance {unknown}
 x - a potion of cancellation {unknown}
 z - 2 potions of curing {unknown}
 B - 2 potions of heal wounds {unknown}
 M - 2 potions of haste {unknown}
Books
 c - a book of Maledictions

   Spells                             Type                      Level
   a - Corona                         Hexes                        1
   b - Ensorcelled Hibernation        Hexes/Ice                    2
   c - Confuse                        Hexes                        3
   d - Tukima's Dance                 Hexes                        3
   e - Dazzling Spray                 Conjuration/Hexes            3
Comestibles
 d - 3 bread rations
 K - 2 fruits


   Skills:
 * Level 3.5 Fighting
 * Level 8.9 Short Blades
 - Level 9.1 Dodging
 - Level 11.2 Stealth
 - Level 6.3 Spellcasting
 - Level 1.7 Conjurations
 - Level 8.9 Hexes


You had 12 spell levels left.
You knew the following spells:

 Your Spells              Type           Power        Failure   Level  Hunger
a - Ensorcelled Hibernat  Hex/Ice        ###...       1%          2    None
b - Corona                Hex            #####..      1%          1    None
c - Confuse               Hex            #####...     1%          3    ##.....
d - Dazzling Spray        Conj/Hex       ###.....     1%          3    ##.....


Dungeon Overview and Level Annotations

Branches:
Dungeon (9/15)             Temple (1/1) D:4            Lair (0/8) D:8
    Orc: D:9-12

Altars:
Ashenzari
Cheibriados
Dithmenos
Elyvilon
Fedhas
Gozag
Kikubaaqudgha
Makhleb
Nemelex Xobeh
Okawaru
Pakellas
Qazlal
Ru
Sif Muna
Trog
Vehumet
Xom
Yredelemnul
Zin
The Shining One
Beogh

Shops:
D:6 (

Annotations:
D:2 Robin
D:3 Lovchig's ghost, amateur DDFi


Innate Abilities, Weirdness & Mutations

You are tiny and cannot use many weapons and most armour.
You have supernaturally acute eyesight.
You are a herbivore.
You cover ground extremely quickly.
You need consume almost no food.


Message History

The orc is killed!
The orc misses you.
An orc warrior comes into view. It is wielding a dire flail.
The orc warrior shouts!
You hit the orc warrior but do no damage.
The orc misses you.
An orc comes into view. It is wielding a flail of holy wrath.
The orc shouts!
You hit the orc warrior but do no damage.
The orc warrior hits you with a halberd!!
The orc misses you.
The orc moves out of view.
The orc is distracted by the nearby gold.
There is a stone staircase leading up here.
The orc barely misses the orc.
The orc warrior hits you from afar with a trident!
You climb upwards.
There is a stone staircase leading down here.
The orc warrior hits you with a halberd!!
You die...
Your body crumbles into a pile of gold.

#### ##### ...# #...## ...#
###....# ...# #.'....# ...######
###.#....###### ........#
#...'§).......# ........#
#.###.§§§..##.###
........########@#....§.§.#....#
...............o>#...§.§..#.##.#
###.........######.............#
# #.........# #..#.......#### #
#.........# #....##.#.##
###.........# ####'#####...#
.##.........# #..........###
.##.........# #..........#
..#..)......###..........#


You could see an orc warrior.

Vanquished Creatures
  A troll (D:4)
  Sigmund (D:3)
  A hungry ghost (D:8)
  Edmund (D:5)
  Duvessa (D:5)
  6 orc warriors
  2 sky beasts
  A necrophage (D:7)
  An ice beast (D:8)
  3 phantoms
  7 ogres
  3 centaurs
  3 elf zombies (Ossuary)
  2 big kobolds (D:7)
  2 giant frogs
  Dowan (D:5)
  2 scorpions (D:8)
  3 wights (D:8)
  7 howler monkeys
  3 crimson imps
  2 giant frog zombies (D:7)
  A centaur zombie (Ossuary)
  A quasit (D:8)
  2 human zombies (Ossuary)
  A jelly (D:6)
  6 orc priests
  3 giant frog skeletons
  7 hounds
  6 orc wizards
  A centaur skeleton (D:6)
  3 gnoll shamans (D:7)
  Jessica (D:2)
  An iguana (D:5)
  A worker ant (D:7)
  A hound skeleton (D:4)
  3 mummies (Ossuary)
  2 worker ant zombies
  17 gnolls
  11 adders
  A shadow imp (D:7)
  An ooze (D:7)
  9 adder zombies
  An adder skeleton (D:8)
  7 worms
  A dart slug (D:1)
  4 giant geckos
  50 orcs
  A ball python (D:3)
  6 giant cockroaches
  A gnoll zombie (Ossuary)
  16 goblins
  14 hobgoblins
  8 jackals
  10 quokkas
  6 bats
  9 giant newts
  2 goblin zombies (Ossuary)
  2 hobgoblin zombies (Ossuary)
  3 jackal zombies (Ossuary)
  7 kobolds
  4 kobold zombies (Ossuary)
  4 quokka zombies (Ossuary)
  4 rats
  5 rat zombies (Ossuary)
  5 fungi (D:7)
  3 plants (D:7)
305 creatures vanquished.

Vanquished Creatures (others)
  An adder (D:3)
  A fungus (D:7)
  10 plants (D:7)
12 creatures vanquished.

Grand Total: 317 creatures vanquished

Notes
Turn   | Place    | Note
--------------------------------------------------------------
     0 | D:1      | varam the Spriggan Enchanter began the quest for the Orb.
     0 | D:1      | Reached XP level 1. HP: 9/9 MP: 5/5
   124 | D:1      | Reached XP level 2. HP: 11/13 MP: 2/6
   376 | D:1      | Learned a level 2 spell: Ensorcelled Hibernation
   478 | D:1      | Reached skill level 5 in Stealth
   641 | D:2      | Reached XP level 3. HP: 13/16 MP: 5/8
  1108 | D:2      | Noticed Robin
  1310 | D:2      | Noticed Jessica
  1325 | D:2      | Killed Jessica
  1325 | D:2      | Reached skill level 6 in Stealth
  1325 | D:2      | Reached XP level 4. HP: 21/21 MP: 4/9
  1329 | D:2      | Identified Jessica's Handbook of Execration
  1861 | D:3      | Noticed Sigmund
  1903 | D:3      | Killed Sigmund
  1903 | D:3      | Reached skill level 7 in Stealth
  1903 | D:3      | Reached XP level 5. HP: 15/24 MP: 1/10
  2102 | D:3      | Learned a level 3 spell: Confuse
  2106 | D:3      | Learned a level 3 spell: Dazzling Spray
  2331 | D:3      | Reached XP level 6. HP: 27/28 MP: 6/11
  2427 | D:3      | Noticed Lovchig's ghost (amateur DDFi)
  3113 | D:3      | Reached skill level 8 in Stealth
  3130 | D:3      | Found an oddly glowing altar of Pakellas.
  3130 | D:3      | Found a shadowy altar of Dithmenos.
  3132 | D:3      | Found a blossoming altar of Fedhas.
  3149 | D:3      | Found a stormy altar of Qazlal.
  3640 | D:4      | Found a sand-covered staircase.
  3650 | Ossuary  | Entered an ossuary
  3891 | Ossuary  | Reached skill level 1 in Conjurations
  4417 | Ossuary  | Reached skill level 5 in Short Blades
  4622 | Ossuary  | Reached XP level 7. HP: 32/32 MP: 8/12
  4961 | Ossuary  | Reached skill level 5 in Hexes
  5601 | D:4      | Noticed a troll
  5942 | D:4      | Reached XP level 8. HP: 36/36 MP: 9/16
  5950 | D:4      | Found a white marble altar of Elyvilon.
  6004 | D:4      | Found a staircase to the Ecumenical Temple.
  6009 | Temple   | Entered the Ecumenical Temple
  6066 | Temple   | Became a worshipper of Gozag Ym Sagoz the Greedy
  6225 | D:4      | Killed a troll
  6225 | D:4      | Reached skill level 5 in Spellcasting
  6339 | D:5      | Entered Level 5 of the Dungeon
  6490 | D:5      | Noticed Duvessa
  6490 | D:5      | Noticed Dowan
  6502 | D:5      | Killed Duvessa
  6511 | D:5      | Killed Dowan
  6862 | D:5      | Found an iron altar of Okawaru.
  7204 | D:5      | Noticed Edmund
  7206 | D:5      | Killed Edmund
  7221 | D:5      | Reached skill level 1 in Fighting
  7261 | D:5      | Reached skill level 5 in Dodging
  7432 | D:6      | Reached XP level 9. HP: 38/42 MP: 16/19
  8341 | D:6      | Found Todillow's Antique Weapon Shoppe.
  8349 | D:6      | Bought a translucent whip for 157 gold pieces
  8349 | D:6      | Identified the +2 whip of the Forgotten Wars {venom, -Tele rN+ Dex+6} (You bought it in a shop on level 6 of the Dungeon)
  8652 | D:6      | Found a runed door.
  9572 | D:6      | Found a roughly hewn altar of Beogh.
 10342 | D:7      | Reached skill level 9 in Stealth
 10461 | D:7      | Found a deep blue altar of Sif Muna.
 11322 | D:7      | Reached XP level 10. HP: 49/49 MP: 8/20
 11548 | D:7      | Reached skill level 10 in Stealth
 12127 | D:8      | Found a staircase to the Lair.
 12248 | D:8      | Found a radiant altar of Vehumet.
 12329 | D:8      | Reached skill level 11 in Stealth
 12860 | D:8      | Found a shimmering altar of Xom.
 12996 | D:8      | Slain by an orc warrior

Vault maps used:
D:1:      moated_graveyard_arrival
D:2:      first_bread, kennysheep_jessica_study, uniq_robin
D:3:      nicolae_overflow_hidden_temple, nicolae_qazlal_eye_of_the_storm,
          uniq_sigmund
D:4:      elyvilon_altar_5, minmay_temple_entry_nine_rooms, enter_ossuary_5,
          minmay_misc_feat_chi, serial_bayou_lagoon_a, minivault_23,
          minmay_divided_ellipse
D:5:      okawaru_altar_gauntlet_db, minmay_misc_feat_x, uniq_edmund,
          uniq_duvessa
D:6:      serial_shops, shop, lightli_church_of_beogh
D:7:      kennysheep_seaside_town, basic_altar
D:8:      fiery_altar_vehumet, xom_shifter_show, lair_0_dummy
D:9:      david_orc_5
Temple:   triangle_lava_temple_12
Ossuary:  minmay_ossuary_two_tombs

Skill      XL: |  1  2  3  4  5  6  7  8  9 10 |
---------------+-------------------------------+-----
Short Blades   | 2 3 4 5 7 8 |  8.9
Stealth        | 5 6 7 8 9 11 | 11.2
Conjurations   | 1 |  1.7
Spellcasting   | 3 4 6 |  6.3
Hexes          | 6 8 |  8.9
Dodging        | 5 9 |  9.1
Fighting       | 1 3 |  3.5

Action                   |  1- 3 |  4- 6 |  7- 9 | 10-12 || total
-------------------------+-------+-------+-------+-------++-------
Melee: Dagger            |    82 |   151 |   369 |   172 ||   774
       Whip              |       |       |    12 |       ||    12
 Cast: Corona            |    13 |     1 |       |       ||    14
       Ensorcelled Hiber |    18 |    36 |    64 |    10 ||   128
       Confuse           |       |    31 |   103 |    36 ||   170
Invok: Potion Petition   |       |       |     1 |       ||     1
Evoke: Wand              |       |       |     2 |       ||     2
  Use: Scroll            |       |     5 |     1 |     1 ||     7
 Stab: Sleeping          |    22 |    32 |    70 |     9 ||   133
       Confused          |       |    17 |    50 |    19 ||    86
       Distracted        |       |       |     1 |     3 ||     4
  Eat: Bread ration      |       |     2 |     1 |     1 ||     4
       Pizza             |       |       |     2 |       ||     2
       Fruit             |       |       |       |     1 ||     1
Armor: Robe              |    14 |    14 |    13 |     3 ||    44
Dodge: Dodged            |    63 |    63 |   207 |    60 ||   393
